 Dungeon Crawl Stone Soup version 0.30-a0-439-g9e77e4d916 (webtiles) character file.

Game seed: 4531156433943736571

2095 themarg the Destroyer (level 9, -4/64 HPs)
             Began as a Black Draconian Conjurer on Dec 10, 2022.
             Was a Follower of Vehumet.
             Slain by a two-headed ogre
             ... wielding a +0 giant club
              (23 damage)
             ... on level 6 of the Dungeon.
             The game lasted 00:14:58 (7287 turns).

themarg the Destroyer (Black Draconian Conjurer)    Turns: 7287, Time: 00:14:59

Health: -4/64      AC:  8    Str: 10    XL:     9   Next: 7%
Magic:  3/16       EV: 12    Int: 22    God:    Vehumet [*.....]
Gold:   244        SH:  0    Dex: 10    Spells: 5/18 levels left

rFire   . . .      SeeInvis .    z - +1 mace (protect)
rCold   . . .      Faith    .    (no shield)
rNeg    . . .      Spirit   .    (body armour unavailable)
rPois   .          Reflect  .    (helmet restricted)
rElec   +          Harm     .    o - +0 cloak
rCorr   .          Rampage  .    (no gloves)
Will    .....                    (no boots)
Stlth   ++........               (no amulet)
HPRegen 0.30/turn                (no ring)
MPRegen 0.15/turn                (no ring)

@: short of breath, very slightly contaminated, studying Conjurations
A: breathe lightning, AC +7, unfitting armour, electricity resistance,
cold-blooded
a: Breathe Lightning, Renounce Religion


You were on level 6 of the Dungeon.
You worshipped Vehumet.
Vehumet was aware of your devotion.
You visited 2 branches of the dungeon, and saw 7 of its levels.

You collected 244 gold pieces.

Inventory:

Hand Weapons
 c - a +0 dagger
 z - a +1 mace of protection (weapon)
Missiles
 m - 3 boomerangs
 q - 19 stones
 t - 5 poisoned darts
Armour
 o - a +0 cloak (worn)
Magical Staves
 j - a staff of earth
Wands
 p - a wand of mindburst (14)
 v - a wand of roots (6)
 x - a wand of polymorph (7)
Scrolls
 d - a scroll of brand weapon {unknown}
 f - a scroll of magic mapping {unknown}
 g - a scroll of immolation {unknown}
 i - 3 scrolls of teleportation
 k - 2 scrolls of blinking {unknown}
 r - a scroll of summoning {unknown}
 u - a scroll of enchant weapon {unknown}
 w - 2 scrolls of poison
 y - a scroll of amnesia {unknown}
Potions
 a - 2 potions of magic
 b - a potion of haste {unknown}
 e - 2 potions of heal wounds
 h - 4 potions of mutation
 l - 2 potions of curing {unknown}
 n - a potion of degeneration {unknown}
 s - 2 potions of brilliance


   Skills:
 + Level 1.2 Fighting
 - Level 1.7 Dodging
 - Level 3.0 Stealth
 + Level 5.1 Spellcasting
 - Level 10.0 Conjurations
 - Level 3.0 Hexes
 - Level 3.0 Necromancy
 - Level 3.0 Translocations


You had 5 spell levels left.
You knew the following spells:

 Your Spells              Type           Power      Damage    Failure   Level
a - Magic Dart            Conj           100%       1d8       1%          1
b - Searing Ray           Conj           98%        2d8       1%          2
c - Fulminant Prism       Conj/Hex       17%        3d10      7%          4
d - Iskenderun's Mystic   Conj/Tloc      34%        2d8       7%          4
z - Sublimation of Blood  Necr           18%        N/A       4%          2

Your spell library contained the following spells:

 Spells                   Type           Power      Damage    Failure   Level
 Shock                    Conj/Air       100%       1d9       1%          1
 Dazzling Flash           Conj/Hex       68%        N/A       1%          3
 Wereblood                Tmut           5%         N/A       16%         2
 Summon Hydra             Summ           2%         N/A       100%        7


Dungeon Overview and Level Annotations

Branches:
Dungeon (6/15)             Temple (1/1) D:5

Altars:
Cheibriados
Dithmenos
Fedhas
Hepliaklqana
Kikubaaqudgha
Makhleb
Okawaru
Qazlal
Ru
Trog
Uskayaw
Vehumet
Xom
Yredelemnul
Zin
The Shining One

Shops:
D:4 *

Annotations:
D:4 3 runed translucent doors, Pooter's ghost, amateur MiBe
D:6 2 runed translucent doors


Innate Abilities, Weirdness & Mutations

You can breathe wild blasts of lightning.
Your glossy black scales are hard. (AC +7)
You cannot fit into any form of body armour.
You are resistant to electric shocks. (rElec)
You are cold-blooded and may be slowed by cold attacks.


Message History

You barely miss the ice beast. The ice beast misses you.
Casting: Magic Dart (safe; 1% risk of failure)
Confirm with . or Enter, or press ? or * to list all spells.
You miscast Iskenderun's Mystic Blast.
You are very lightly contaminated with residual magic.
Nothing appears to happen.
The ice beast hits you. The ice beast freezes you!
The two-headed ogre hits you with a +0 giant club!!
The two-headed ogre barely misses you.
Casting: Iskenderun's Mystic Blast (dangerous; 7% risk of failure)
Confirm with . or Enter, or press ? or * to list all spells.
You erupt in a blast of force!
The mystic blast hits the ice beast.
The ice beast is lightly wounded.
The mystic blast hits the two-headed ogre!
The two-headed ogre is lightly wounded.
The two-headed ogre is knocked back by the mystic blast.
The ice beast hits you but does no damage.
The ice beast hits you but does no damage.
Casting: Iskenderun's Mystic Blast (dangerous; 7% risk of failure)
Confirm with . or Enter, or press ? or * to list all spells.
Aiming: Searing Ray (safe; 1% risk of failure)
Press: ? - help, Shift-Dir - straight line, f - ice beast
Aim: an ice beast (lightly wounded, 83% to hit)
The searing ray hits the ice beast but does no damage.
The ice beast is lightly wounded. (Press . to maintain the ray.)
The ice beast hits you. The ice beast freezes you!
* * * LOW HITPOINT WARNING * * *
The searing ray hits the ice beast.
The ice beast is moderately wounded.
The ice beast hits you but does no damage.
The searing ray hits the ice beast!
The ice beast is heavily wounded.
The ice beast hits you but does no damage.
The searing ray hits the ice beast!
The ice beast is severely wounded.
You finish channelling your searing ray.
The ice beast hits you but does no damage.
The two-headed ogre closely misses you.
The two-headed ogre hits you with a +0 giant club!!
You die...

...#########.................#
...# #.................# ####
#.................# ###
#.........####.#### ..#
#.........####.#### ....
#.................# ###.
###########.###########
#.......OY.........
#..##...#@...####.. #.#
#...#....# #.###..##....#
#...O..###..... #.....##
#...#... #.).### #...#...
#.### ##..# .. #...†# ..#
#.......#


You could see a two-headed ogre and an ice beast.

Vanquished Creatures
  Prince Ribbit (D:5)
  A steam dragon (D:6)
  An acid dragon (D:6)
  2 water moccasins
  A black bear (D:6)
  2 ice beasts (D:6)
  A phantom (D:6)
  A necrophage (D:6)
  5 scorpions
  A water moccasin zombie (D:3)
  A howler monkey (D:6)
  6 hounds
  4 orc priests
  3 iguanas
  2 orc wizards
  A mummy (D:4)
  7 adders
  4 gnolls (D:6)
  A shadow imp (D:5)
  A white imp (D:6)
  An ufetubus (D:3)
  4 dart slugs
  10 orcs
  9 ball pythons
  8 bats
  3 endoplasms
  7 giant cockroaches
  7 goblins
  3 hobgoblins
  8 jackals
  3 quokkas
  A ball python zombie (D:3)
  2 frilled lizards (D:2)
  3 hobgoblin zombies (D:4)
  6 kobolds
  A kobold zombie (D:4)
  3 rats
125 creatures vanquished.

Vanquished Creatures (others)
  5 plants (D:5)
5 creatures vanquished.

Grand Total: 130 creatures vanquished

Notes
Turn   | Place    | Note
-------+----------+-------------------------------------------
     0 | D:1      | themarg the Draconian Conjurer began the quest for the Orb.
     0 | D:1      | Reached XP level 1. HP: 14/14 MP: 3/3
   210 | D:1      | Reached XP level 2. HP: 20/20 MP: 0/5
   222 | D:1      | Learned a level 2 spell: Searing Ray
   828 | D:1      | Reached XP level 3. HP: 26/26 MP: 3/6
  1786 | D:2      | Reached XP level 4. HP: 33/33 MP: 3/8
  2551 | D:2      | You fall into a shaft and drop 2 floors!
  2616 | D:4      | Noticed a scorpion
  2740 | D:4      | Reached skill level 5 in Conjurations
  2740 | D:4      | Reached XP level 5. HP: 28/38 MP: 0/10
  2851 | D:4      | Found Iwoticaz's Assorted Antiques.
  3546 | D:3      | Found a basalt altar of Yredelemnul.
  4075 | D:4      | Reached XP level 6. HP: 45/45 MP: 5/12
  4250 | D:4      | Found a runed translucent gate.
  4250 | D:4      | Found a runed translucent gate.
  4250 | D:4      | Found a runed translucent gate.
  4253 | D:4      | Noticed Pooter's ghost (amateur MiBe)
  4854 | D:5      | Entered Level 5 of the Dungeon
  4859 | D:5      | Noticed Prince Ribbit
  4976 | D:5      | Reached skill level 6 in Conjurations
  5087 | D:5      | Your scales start taking on a glossy black colour.
  5087 | D:5      | Reached XP level 7. HP: 49/50 MP: 3/14
  5087 | D:5      | Gained mutation: You are resistant to electric shocks.
                  | (rElec) [Black Draconian growth]
  5275 | D:5      | Reached skill level 5 in Spellcasting
  5421 | D:5      | Reached skill level 7 in Conjurations
  5547 | D:5      | Found a hazy altar of Hepliaklqana.
  5589 | D:5      | Found a staircase to the Ecumenical Temple.
  5624 | Temple   | Entered the Ecumenical Temple
  5783 | Temple   | Became a worshipper of Vehumet
  5907 | D:5      | Killed Prince Ribbit
  5908 | D:5      | Reached skill level 8 in Conjurations
  6029 | D:6      | Reached XP level 8. HP: 57/57 MP: 9/15
  6083 | D:6      | Reached skill level 1 in Translocations
  6150 | D:6      | Reached skill level 1 in Hexes
  6462 | D:6      | Found a large runed translucent door.
  6463 | D:6      | Found a large runed translucent door.
  6532 | D:6      | Reached skill level 9 in Conjurations
  6540 | D:6      | Noticed a two-headed ogre
  6678 | D:5      | Learned a level 4 spell: Fulminant Prism
  6683 | D:5      | Learned a level 4 spell: Iskenderun's Mystic Blast
  6686 | D:5      | Learned a level 2 spell: Sublimation of Blood
  6914 | D:6      | Reached skill level 1 in Necromancy
  6983 | D:6      | Reached skill level 10 in Conjurations
  7167 | D:6      | Reached * piety under Vehumet
  7167 | D:6      | Offered knowledge of Shock by Vehumet.
  7168 | D:6      | Reached XP level 9. HP: 63/63 MP: 7/16
  7205 | D:6      | Reached skill level 1 in Fighting
  7287 | D:6      | Slain by a two-headed ogre

Illustrated notes

Levels and vault maps discovered:
D:1:      dpeg_arrival_fog, layout_loops_ring
D:2:      layout_basic, minmay_tree_intersection
D:3:      layout_basic, lemuel_zombie_altar_yredelemnul, corexii_corridor_pit
D:4:      layout_basic, gammafunk_ghost_necromancy, serial_shops,
          nicolae_shop_hallway_plus, minmay_misc_feat_rows, minmay_mini_ossuary
D:5:      layout_cave_pools, nicolae_hepliaklqana_hazy_memory, temple_pool_b,
          uniq_prince_ribbit1
D:6:      minmay_recursive_quarters, layout_rooms, jmf_multi_god_temple2,
          minmay_manual_mail
Temple:   nicolae_temple_superstar

Skill      XL: |  1  2  3  4  5  6  7  8  9 |
---------------+----------------------------+-----
Stealth        | 2 3 |  3.0
Spellcasting   | 3 4 5 |  5.1
Conjurations   | 5 6 8 10 | 10.0
Translocations | 3 |  3.0
Hexes          | 3 |  3.0
Necromancy     | 3 |  3.0
Fighting       | 1 |  1.2
Dodging        | |  1.7

Action                   |  1- 3 |  4- 6 |  7- 9 || total
-------------------------+-------+-------+-------++-------
Melee: Dagger            |    22 |    12 |       ||    34
       Tailslap          |     1 |     2 |       ||     3
       Punch             |     1 |       |       ||     1
       Mace              |       |       |     2 ||     2
 Cast: Magic Dart        |    76 |    66 |    28 ||   170
       Searing Ray       |     5 |    25 |    34 ||    64
       Iskenderun's Myst |       |       |     2 ||     2
 Abil: Breathe Lightning |       |       |     5 ||     5
  Use: Scroll            |       |     5 |       ||     5
Armor: Skin              |     6 |     8 |    16 ||    30
Dodge: Dodged            |    26 |    15 |    20 ||    61

Table legend: (Time is in decaauts)
 A = Elapsed time spent in this place.
 B = Non-inter-level travel time spent in this place.
 C = Inter-level travel time spent in this place.
 D = Time resting spent in this place.
 E = Time spent auto-exploring this place.
 F = Levels seen in this place.
 G = Mean time per level.
                   A        B        C        D        E       F      G
               +--------+--------+--------+--------+--------+-----+--------+
         Total |   7290 |   7064 |    226 |    620 |   5481 |   7 | 1041.4 |
       Dungeon |   7117 |   6903 |    214 |    620 |   5381 |   6 | 1186.2 |
        Temple |    172 |    160 |     12 |      0 |    100 |   1 |  172.0 |
               +--------+--------+--------+--------+--------+-----+--------+

Top non-repeatable levels by time:
     D:4: 1564 daAuts
     D:2: 1425 daAuts
     D:1: 1192 daAuts
     D:6: 1001 daAuts
     D:5: 977 daAuts
     D:3: 956 daAuts
  Temple: 172 daAuts
